 Dungeon Crawl Stone Soup version 0.28-a0-771-g91a516d0e7 (webtiles) character file.

Game seed: 17630245365112636204

29 slnbv the Sneak (level 3, -1/16 HPs)
             Began as a Spriggan Enchanter on Nov 1, 2021.
             Slain by a hound (5 damage)
             ... on level 2 of the Dungeon.
             The game lasted 00:01:19 (440 turns).

slnbv the Sneak (Spriggan Enchanter)                 Turns: 440, Time: 00:01:20

Health: -1/16      AC:  2    Str:  5    XL:     3   Next: 1%
Magic:  7/9        EV: 17    Int: 16    God:
Gold:   0          SH:  0    Dex: 15    Spells: 1/9 levels left

rFire   . . .      SeeInvis +   a - +1 dagger
rCold   . . .      Faith    .   (shield restricted)
rNeg    . . .      Spirit   .   b - +0 robe
rPois   .          Reflect  .   (helmet restricted)
rElec   .          Harm     .   (no cloak)
rCorr   .          Rampage  .   (gloves unavailable)
Will    .....                   (boots unavailable)
Stlth   +++.......              (no amulet)
HPRegen 0.05/turn               (no ring)
MPRegen 0.11/turn               (no ring)

@: very quick
A: very small, no large weapons, unfitting armour, see invisible, speed 3
a: no special abilities


You were on level 2 of the Dungeon.
You visited 1 branch of the dungeon, and saw 3 of its levels.

Inventory:

Hand Weapons
 a - a +1 dagger (weapon)
Armour
 b - a +0 robe (worn)
Scrolls
 d - a scroll of identify {unknown}
Potions
 c - a potion of invisibility


   Skills:
 - Level 1.1 Short Blades
 - Level 2.6 Dodging
 - Level 4.4 Stealth
 + Level 3.6 Spellcasting
 + Level 4.4 Hexes


You had one spell level left.
You knew the following spells:

 Your Spells              Type           Power      Damage    Failure   Level
a - Ensorcelled Hibernat  Hex/Ice        20%        N/A       11%         2
b - Tukima's Dance        Hex            17%        N/A       9%          3
c - Dazzling Flash        Conj/Hex       20%        N/A       22%         3

Your spell library contained the following spells:

 Spells                   Type           Power      Damage    Failure   Level
 Confusing Touch          Hex            17%        N/A       9%          3


Dungeon Overview and Level Annotations

Branches:
Dungeon (3/15)

Altars:


Innate Abilities, Weirdness & Mutations

You are very small and have problems with some larger weapons.
You are too small for most types of armour.
You have supernaturally acute eyesight. (SInv)
You cover ground extremely quickly. (Speed+++)


Message History

There is a stone staircase leading up here.
You climb upwards.
The hound misses you. The hound bites you.
There is a stone staircase leading down here.
Unknown command.
Unknown command.
Cast which spell? (? or * to list)
Aiming: Ensorcelled Hibernation (safe; 11% risk of failure)
Press: ? - help, Shift-Dir - straight line, f - hound
Aim: a hound (chance to affect: 50%)
The hound looks drowsy...
The helpless hound fails to defend itself.
You puncture the hound!
The hound is almost dead.
The hound bites you. x2
You hit the hound but do no damage.
The hound is almost dead.
The hound bites you.
You are too injured to fight recklessly!
You are too injured to fight recklessly!
You are too injured to fight recklessly!
You are too injured to fight recklessly!
You are too injured to fight recklessly!
Casting: Ensorcelled Hibernation (safe; 11% risk of failure)
Confirm with . or Enter, or press ? or * to list all spells.
You can't see any susceptible monsters within range! (Use Z to cast anyway.) Unknown command.
Casting: Ensorcelled Hibernation (safe; 11% risk of failure)
Confirm with . or Enter, or press ? or * to list all spells.
You can't see any susceptible monsters within range! (Use Z to cast anyway.) Unknown command.
Unknown command.
You closely miss the hound.
The hound is almost dead.
The hound barely misses you.
You barely miss the hound.
The hound is almost dead.
The hound bites you.
* * * LOW HITPOINT WARNING * * *
The hound bites you.
You die...

#+ .#
##########.##.#
#.......^...#.#
#.........#.#.###
#.........#.....#
#.........##....#
#.........##....#
#.........##..h.#
#............@..#
######'######...#
#######'## #####
.........#
.........# #.
.........#
######+..#
#######'##
#.......#.
##.######.†......#
#...............#


You could see a hound.

Vanquished Creatures
  Natasha (D:3)
  A dart slug (D:1)
  A ball python (D:2)
  A frilled lizard (D:1)
4 creatures vanquished.

Vanquished Creatures (others)
  2 plants (D:2)
2 creatures vanquished.

Grand Total: 6 creatures vanquished

Notes
Turn   | Place    | Note
-------+----------+-------------------------------------------
     0 | D:1      | slnbv the Spriggan Enchanter began the quest for the Orb.
     0 | D:1      | Reached XP level 1. HP: 9/9 MP: 5/5
   378 | D:2      | Noticed a hound
   397 | D:3      | Noticed Natasha
   400 | D:3      | Killed Natasha
   401 | D:3      | Reached XP level 2. HP: 13/13 MP: 5/7
   401 | D:3      | Reached XP level 3. HP: 16/16 MP: 6/9
   404 | D:3      | Learned a level 2 spell: Ensorcelled Hibernation
   408 | D:3      | Learned a level 3 spell: Tukima's Dance
   412 | D:3      | Learned a level 3 spell: Dazzling Flash
   440 | D:2      | Slain by a hound

Illustrated notes

Levels and vault maps discovered:
D:1:      wander_arrival_lonely_grave, layout_rooms,
          shapermc_ecumenical_altar_venn, lemuel_another_geyser
D:2:      layout_basic, serial_shops, shop, minivault_23,
          guppyfry_early_lair_pool
D:3:      layout_basic, uniq_ijyb, uniq_natasha

Skill      XL: |  1 |
---------------+----+-----
Spellcasting   | 3 |  3.6
Hexes          | 4 |  4.4
Short Blades   | |  1.1
Dodging        | |  2.6
Stealth        | |  4.4

Action                   || total
-------------------------++-------
Melee: Dagger            ||    23
 Cast: Ensorcelled Hiber ||     1
 Stab: Sleeping          ||     2
Armor: Robe              ||     1
Dodge: Dodged            ||    18

Table legend: (Time is in decaauts)
 A = Elapsed time spent in this place.
 B = Non-inter-level travel time spent in this place.
 C = Inter-level travel time spent in this place.
 D = Time resting spent in this place.
 E = Time spent auto-exploring this place.
 F = Levels seen in this place.
 G = Mean time per level.
                   A        B        C        D        E       F      G
               +--------+--------+--------+--------+--------+-----+--------+
         Total |    396 |    396 |      0 |    213 |     99 |   3 |  132.0 |
       Dungeon |    396 |    396 |      0 |    213 |     99 |   3 |  132.0 |
               +--------+--------+--------+--------+--------+-----+--------+

Top non-repeatable levels by time:
     D:2: 321 daAuts
     D:1: 38 daAuts
     D:3: 37 daAuts
